Map: Efflorescence LE

Players

Subwaymaker - Winner!

  • Race: Protoss Protoss
  • League: Gold
  • Spawn Location: 3:00

Mesrob - Winner!

  • Race: Terran Terran
  • League: Platinum
  • Spawn Location: 12:00

Raymantix

  • Race: Zerg Zerg
  • League: Diamond
  • Spawn Location: 9:00

TERRANCITY

  • Race: Terran Terran
  • Spawn Location: 6:00

VOD

Have the link to the VOD?

Description

Time

  • Played on: July 21, 2019, 1:41 p.m.
  • Length: 19:54
Show
View Real Time Build Order
Export as new Build Order

Subwaymaker Protoss - Winner!

Build Orders: Carriers 

Get SALT Encoding   

  12  0:01  Probe  
  14  0:14  Probe  
  14  0:19  Pylon  
  14  0:26  Probe  
  15  0:37  Probe  
  15  0:41  Gateway  
  16  0:45  Probe  
  17  0:53  Probe  
  17  0:57  Assimilator  
  18  1:04  Assimilator  
  18  1:07  Probe  
  19  1:19  Probe  
  20  1:31  Pylon, Probe  
  21  1:37  Cybernetics Core  
  21  1:43  Probe  
  22  1:54  Probe  
  23  2:02  Probe  
  26  2:20  Stargate  
  26  2:21  Stalker  
  26  2:32  Nexus  
  26  2:47  Probe  
  27  2:59  Probe  
  27  3:00  Warp Gate  
  28  3:06  Stalker  
  28  3:11  Probe  
  31  3:24  Pylon  
  31  3:31  Gateway  
  31  3:40  Probe  
  31  3:41  Probe  
  31  3:42  Void Ray  
  37  3:48  Probe  
  37  3:49  Probe  
  39  3:56  Probe  
  39  3:59  Probe  
  41  4:09  Probe x2  
  43  4:17  Probe  
  43  4:21  Assimilator, Probe  
  45  4:25  Pylon, Void Ray  
  45  4:26  Probe  
  45  4:27  Assimilator  
  50  4:33  Probe  
  50  4:37  Gateway  
  51  4:38  Probe  
  51  4:45  Probe  
  41  4:52  Probe  
  41  4:57  Probe  
  42  5:05  Probe  
  43  5:08  Stalker x2  
  43  5:12  Void Ray  
  51  5:20  Probe  
  51  5:21  Probe  
  53  5:28  Probe  
  53  5:29  Probe  
  55  5:49  Twilight Council  
  55  5:52  Pylon  
  55  5:55  Void Ray  
  59  6:01  Probe  
  59  6:03  Robotics Facility  
  59  6:09  Probe  
  59  6:10  Probe  
  62  6:19  Probe  
  62  6:22  Probe  
  62  6:25  Charge  
  64  6:27  Stargate  
  64  6:30  Zealot  
  64  6:32  Stalker x2  
  70  7:03  Pylon  
  70  7:05  Nexus  
  70  7:09  Assimilator  
  70  7:13  Assimilator  
  70  7:15  Pylon  
  70  7:20  Void Ray  
  70  7:21  Observer, Probe  
  76  7:24  Gateway  
  76  7:26  Gateway  
  76  7:29  Gateway  
  76  7:33  Probe  
  77  7:38  Probe  
  77  7:42  Probe  
  78  7:46  Probe  
  78  7:50  Probe  
  78  7:51  Observer  
  81  7:54  Probe  
  83  7:59  Stalker, Probe  
  86  8:07  Pylon  
  86  8:09  Shield Battery  
  86  8:14  Forge  
  86  8:16  Void Ray, Observer  
  86  8:17  Forge  
  86  8:19  Pylon  
  91  8:28  Fleet Beacon  
  83  9:14  Void Ray  
  83  9:15  Void Ray  
  83  9:19  Probe x3  
  83  9:21  Stalker  
  83  9:22  Stalker x5  
  107  9:31  Probe x2  
  108  9:41  Carrier  
  108  9:45  Stargate  
  108  9:49  Stargate  
  108  9:53  Pylon  
  108  9:54  Photon Cannon  
  108  9:57  Protoss Ground Weapons Level 1  
  108  9:58  Carrier  
  108  9:59  Pylon  
  114  10:13  Pylon  
  120  10:16  Pylon  
  120  10:19  Shield Battery  
  120  10:23  Pylon  
  120  10:25  Protoss Shields Level 1  
  120  10:39  Probe x3  
  123  10:43  Stalker  
  123  10:46  Stalker, Nexus  
  123  10:48  Protoss Air Weapons Level 1  
  123  10:49  Pylon, Stalker  
  129  10:51  Probe x3  
  129  10:52  Pylon  
  129  10:54  Assimilator, Stalker  
  134  11:03  Probe  
  135  11:10  Carrier  
  141  11:14  Carrier  
  147  11:20  Probe  
  148  11:29  Zealot x3  
  148  11:30  Zealot x2  
  158  11:38  Blink  
  158  11:50  Carrier  
  164  11:54  Carrier  
  170  12:03  Pylon  
  170  12:05  Pylon  
  170  12:09  Probe  
  170  12:10  Probe x3  
  174  12:22  Probe  
  175  12:26  Stalker  
  175  12:27  Stalker x5  
  155  12:42  Tempest x2  
  137  12:50  Stalker x2  
  105  13:16  Tempest x2  
  115  13:22  Stalker x2  
  115  13:25  Tempest x2  
  129  13:35  Templar Archives  
  129  14:01  Assimilator  
  129  14:11  Tempest  
  129  14:14  Tempest x2  
  129  14:16  Tempest  
  149  14:19  High Templar x4  
  149  14:23  Zealot x2  
  161  14:25  Protoss Shields Level 2  
  161  14:28  Archon x2  
  161  14:34  Protoss Ground Weapons Level 2  
  161  14:37  Observer  
  152  15:06  High Templar x2  
  156  15:21  Protoss Air Weapons Level 2  
  156  15:29  Archon  
  156  15:33  Zealot x3  
  156  15:34  Zealot  
  164  15:36  Tempest  
  164  15:37  Tempest  
  174  15:43  Tempest  
  167  16:08  High Templar x3  
  173  16:11  Zealot  
  173  16:12  Zealot x2  
  179  16:23  Archon  
  179  16:35  Carrier  
  179  16:38  High Templar  
  179  16:39  High Templar  
  189  17:00  High Templar  
  189  17:01  High Templar x2  
  195  17:08  Tempest  
  200  17:09  Nexus  
  200  17:10  Pylon  
  200  17:11  Archon x2  
  200  17:12  Assimilator, Psionic Storm  
  200  17:16  Assimilator  
  200  18:28  Archon  
  186  18:47  Stalker  
  186  18:48  Stalker x2  
  177  18:49  Tempest x3  
  177  18:50  Tempest  
  177  18:52  High Templar  
  154  19:24  Zealot  
  154  19:25  Zealot x5  
Show
View Real Time Build Order
Export as new Build Order

Mesrob Terran - Winner!

Build Orders: 2 Factory, Reaper Expand 

Get SALT Encoding   

  12  0:00  SCV  
  13  0:13  SCV  
  14  0:18  Supply Depot  
  14  0:25  SCV  
  15  0:40  SCV  
  15  0:42  Barracks  
  16  0:47  Refinery  
  16  0:52  SCV  
  17  1:04  SCV  
  18  1:16  SCV  
  19  1:31  Orbital Command  
  19  1:39  Command Center  
  19  1:45  Reaper  
  20  2:00  Supply Depot  
  20  2:02  SCV  
  21  2:15  SCV  
  22  2:20  Refinery  
  22  2:25  Factory  
  22  2:32  Barracks Tech Lab  
  22  2:38  SCV  
  23  2:50  Engineering Bay, SCV  
  24  2:53  Refinery  
  24  3:02  SCV  
  25  3:10  Factory  
  25  3:17  Missile Turret  
  25  3:20  Cyclone  
  28  3:31  SCV  
  29  3:34  Orbital Command  
  29  3:42  Supply Depot  
  29  3:43  SCV  
  30  3:52  Factory, Cyclone  
  33  4:02  Factory Reactor  
  33  4:07  Armory  
  33  4:27  Mag-Field Accelerator  
  33  4:33  SCV  
  33  4:35  SCV  
  35  4:42  Factory Reactor  
  35  4:43  Cyclone  
  35  4:45  SCV  
  39  4:47  SCV  
  40  5:05  Hellion x2  
  44  5:10  Supply Depot  
  44  5:12  Terran Vehicle Weapons Level 1  
  44  5:15  Cyclone  
  44  5:19  Hellion x2  
  44  5:21  SCV  
  52  5:29  Refinery  
  52  5:42  Hellion x4  
  60  5:46  Command Center  
  60  6:05  Hellion  
  62  6:11  Supply Depot  
  62  6:14  Supply Depot  
  62  6:31  Supply Depot  
  62  6:33  Hellion x3, SCV x2  
  62  6:35  Supply Depot  
  62  6:36  Cyclone  
  71  6:55  Hellion x2  
  71  6:56  Hellion x2  
  79  7:01  Starport  
  79  7:05  Planetary Fortress  
  79  7:08  Cyclone  
  82  7:11  Refinery  
  82  7:19  Supply Depot  
  82  7:22  SCV  
  83  7:25  SCV  
  84  7:34  SCV  
  85  7:37  SCV  
  85  7:38  Refinery, Starport  
  85  7:40  Terran Vehicle And Ship Armor Level 1, Cyclone  
  85  7:42  Supply Depot  
  89  7:45  Armory  
  89  7:48  Starport Tech Lab  
  89  7:54  Fusion Core  
  89  7:55  SCV  
  89  7:56  SCV  
  91  8:00  SCV  
  92  8:07  SCV  
  92  8:08  SCV  
  92  8:12  Cyclone  
  73  8:43  Hellion x2  
  73  8:44  Hellion  
  64  9:21  Hellion  
  64  9:22  Hellion x2  
  64  9:23  Hellion, Cyclone  
  75  9:29  Starport Tech Lab  
  75  9:30  Battlecruiser  
  81  9:34  Starport  
  81  9:38  SCV  
  82  9:40  SCV  
  82  9:41  SCV  
  84  9:50  SCV  
  84  9:51  Command Center  
  84  9:52  SCV  
  86  9:53  SCV  
  86  9:55  Cyclone  
  90  10:02  SCV  
  90  10:04  SCV  
  90  10:05  SCV  
  93  10:14  Supply Depot, SCV  
  94  10:20  Hellion x4  
  102  10:24  Starport Reactor  
  102  10:27  Cyclone  
  105  10:38  Supply Depot, Terran Vehicle Weapons Level 2  
  105  10:39  Terran Vehicle And Ship Armor Level 2  
  105  10:41  Weapon Refit  
  105  10:56  Battlecruiser  
  111  10:57  Battlecruiser  
  111  10:58  Refinery  
  111  11:01  Supply Depot  
  111  11:02  Hellion  
  119  11:04  SCV  
  120  11:14  SCV  
  120  11:15  SCV  
  120  11:16  SCV  
  124  11:19  Planetary Fortress  
  124  11:22  Cyclone  
  124  11:25  Refinery  
  126  11:26  Hellion, SCV  
  126  11:27  Hellion, Supply Depot  
  131  11:36  Viking x2  
  137  11:40  Hellion  
  137  11:41  Hellion  
  139  11:52  Supply Depot  
  139  11:58  Cyclone  
  139  11:59  Hellion  
  139  12:00  Hellion  
  146  12:03  Supply Depot  
  146  12:07  SCV  
  147  12:11  SCV  
  147  12:12  SCV  
  149  12:19  SCV  
  147  12:25  Supply Depot  
  147  12:31  SCV  
  76  13:11  Battlecruiser  
  76  13:12  Viking x2, Battlecruiser  
  90  13:16  Cyclone  
  90  13:17  Hellion x4  
  103  13:27  Starport  
  103  13:51  Viking x2  
  103  13:55  Cyclone  
  110  14:03  Factory  
  110  14:16  Battlecruiser x2  
  122  14:27  Cyclone  
  122  14:28  SCV  
  126  14:49  Factory Tech Lab  
  126  14:51  Hellion x2  
  130  14:53  Starport Tech Lab, Command Center  
  130  14:54  Viking  
  130  14:55  Viking  
  130  14:59  Cyclone  
  137  15:20  Battlecruiser x2  
  149  15:24  Viking  
  107  16:16  Cyclone  
  92  16:21  Cyclone  
  92  16:22  Hellion x2  
  92  16:23  Hellion x2  
  101  16:44  Hellion  
  103  16:48  Cyclone  
  103  16:53  Cyclone  
  109  16:58  Hellion  
  109  16:59  Hellion x2  
  127  17:01  Battlecruiser x2  
  127  17:05  Hellion  
  129  17:10  Viking x2  
  133  17:19  Refinery  
  133  17:20  Planetary Fortress, Hellion x3, Cyclone  
  142  17:25  Cyclone  
  142  17:26  Hellion  
  142  17:28  SCV  
  142  17:29  SCV x2  
  144  17:46  Refinery  
  144  17:52  Cyclone  
  144  17:57  Cyclone  
  150  18:05  Battlecruiser x2  
  162  18:10  Hellion x3  
  168  18:14  Battlecruiser  
  174  18:24  Cyclone  
  156  18:46  Hellion x3  
  156  18:47  Hellion x2  
  154  19:04  Command Center  
Show
View Real Time Build Order
Export as new Build Order

Raymantix Zerg 

Build Orders: Hatch First, Brood Lord Corruptor 

Get SALT Encoding   

  12  0:02  Drone  
  13  0:15  Overlord  
  13  0:19  Drone  
  14  0:33  Drone x2  
  16  0:54  Hatchery  
  16  0:56  Drone  
  16  0:58  Drone  
  16  1:01  Drone  
  18  1:11  Extractor  
  18  1:18  Spawning Pool  
  16  1:21  Drone  
  17  1:27  Drone  
  17  1:32  Drone  
  19  1:43  Overlord  
  19  1:53  Drone  
  20  2:05  Queen  
  20  2:07  Queen  
  24  2:09  Zergling x4  
  24  2:14  Metabolic Boost  
  26  2:19  Drone  
  27  2:28  Drone x3  
  31  2:37  Drone  
  31  2:43  Spore Crawler  
  30  2:48  Drone  
  30  2:49  Drone  
  32  2:53  Spore Crawler  
  31  3:03  Drone  
  31  3:04  Drone x2  
  34  3:10  Drone x2  
  36  3:28  Overlord  
  36  3:37  Hatchery  
  36  3:38  Lair  
  36  3:40  Baneling Nest  
  34  3:44  Extractor x2, Drone x3  
  34  3:45  Drone  
  34  3:48  Overlord  
  36  3:58  Drone  
  36  3:59  Drone x2  
  36  4:00  Drone x2  
  41  4:06  Drone  
  41  4:07  Drone x2  
  44  4:32  Extractor  
  44  4:35  Drone  
  44  4:38  Overlord x2  
  44  4:44  Hydralisk Den  
  43  4:48  Evolution Chamber  
  43  4:49  Evolution Chamber  
  41  4:55  Drone x2  
  41  4:56  Drone  
  41  4:57  Drone x4  
  48  5:07  Drone x2  
  50  5:14  Muscular Augments  
  50  5:16  Zerg Missile Weapons Level 1  
  50  5:17  Zerg Ground Armor Level 1  
  50  5:23  Spore Crawler  
  50  5:25  Drone x4  
  50  5:26  Drone x2  
  55  5:29  Extractor  
  55  5:31  Extractor, Drone x2  
  55  5:41  Hydralisk  
  55  5:42  Hydralisk x3  
  63  5:52  Spire  
  62  5:57  Drone x3  
  62  6:01  Drone  
  62  6:02  Overlord  
  66  6:11  Overlord  
  66  6:12  Overlord  
  66  6:16  Infestation Pit  
  66  6:17  Drone  
  66  6:20  Overlord x2  
  66  6:29  Hydralisk x4  
  74  6:35  Grooved Spines  
  74  6:45  Hydralisk  
  74  6:46  Hydralisk x3  
  82  7:00  Overlord  
  82  7:07  Zergling x2  
  82  7:08  Zergling x18  
  92  7:24  Hive  
  92  7:28  Hydralisk x5  
  102  7:32  Zerg Missile Weapons Level 2  
  102  7:45  Spine Crawler  
  102  7:46  Spine Crawler  
  102  7:50  Zerg Ground Armor Level 2  
  100  7:53  Drone  
  100  7:54  Drone x5  
  106  8:05  Overlord x3  
  84  8:35  Corruptor  
  84  8:36  Corruptor x6  
  94  8:49  Zergling x10  
  95  8:59  Corruptor  
  95  9:00  Corruptor x2  
  88  9:19  Hydralisk  
  88  9:20  Hydralisk x5  
  100  9:33  Corruptor x3  
  106  9:46  Hatchery  
  106  9:48  Drone x3  
  108  9:58  Greater Spire  
  108  10:01  Overlord  
  108  10:02  Overlord x2  
  108  10:23  Spine Crawler  
  108  10:24  Corruptor x4, Spine Crawler  
  108  10:25  Corruptor x2  
  118  10:57  Lurker Den  
  117  11:08  Adrenal Glands  
  117  11:12  Burrow  
  117  11:13  Neural Parasite  
  117  11:16  Zerg Flyer Weapons Level 1  
  117  11:19  Brood Lord x4  
  125  11:27  Drone x3  
  125  11:28  Drone x3  
  125  11:30  Zergling x2  
  125  11:31  Zergling x14  
  139  11:33  Extractor  
  139  11:39  Extractor  
  136  11:45  Brood Lord  
  136  11:46  Brood Lord  
  140  11:56  Brood Lord  
  140  11:57  Brood Lord  
  144  12:05  Drone  
  143  12:27  Infestor, Corruptor  
  143  12:28  Infestor x2  
  143  12:29  Overlord  
  151  12:30  Overlord  
  110  12:45  Corruptor  
  110  12:46  Corruptor x3  
  100  13:01  Corruptor  
  100  13:02  Corruptor x3  
  96  13:13  Corruptor x2  
  100  13:21  Drone  
  101  13:31  Drone  
  101  13:32  Drone x2  
  104  13:42  Drone x2  
  104  13:43  Drone x3  
  109  13:51  Drone  
  109  13:52  Drone x4  
  109  13:53  Drone  
  115  14:05  Hatchery  
  108  14:22  Corruptor  
  108  14:23  Corruptor x5  
  116  14:36  Infestor x2  
  116  14:37  Infestor x3  
  122  15:05  Corruptor  
  122  15:06  Corruptor x6  
  132  15:24  Drone  
  132  15:25  Drone x9  
  140  15:38  Corruptor  
  140  15:39  Corruptor x4  
  116  16:24  Hydralisk  
  116  16:25  Hydralisk x14  
  134  16:42  Hydralisk x4  
  134  16:43  Hydralisk  
  144  16:50  Zerg Ground Armor Level 3, Zerg Missile Weapons Level 3  
  144  17:02  Drone x7  
  144  17:03  Drone x2  
  153  17:20  Extractor, Drone  
  153  17:21  Extractor, Drone x3  
  153  17:22  Drone x2  
  157  17:23  Drone x5  
  156  17:56  Spine Crawler  
  156  17:57  Spore Crawler, Spine Crawler  
  156  17:58  Spore Crawler  
  152  17:59  Spore Crawler  
  147  18:10  Spine Crawler  
  146  18:19  Spore Crawler  
  145  18:21  Spore Crawler, Drone x4  
  145  18:22  Drone x11  
  145  18:23  Spore Crawler x2  
  149  18:40  Hydralisk  
  83  19:01  Corruptor  
  83  19:02  Corruptor x5  
Show
View Real Time Build Order
Export as new Build Order

TERRANCITY Terran 

Build Orders:  

Get SALT Encoding   

  12  0:02  SCV  
  13  0:14  SCV  
  14  0:21  Supply Depot  
  14  0:26  SCV  
  15  0:43  SCV  
  15  0:45  Barracks  
  16  0:54  Refinery  
  16  0:55  SCV  
  17  1:04  Supply Depot  
  17  1:07  SCV  
  18  1:19  SCV  
  19  1:27  Barracks  
  19  1:31  SCV  
  20  1:35  Refinery  
  20  1:44  SCV  
  20  1:46  Barracks Reactor  
  21  1:56  SCV  
  22  2:08  SCV, Barracks  
  23  2:16  Barracks Reactor  
  23  2:23  Supply Depot  
  23  2:24  Reaper x2  
  25  2:41  Engineering Bay  
  25  2:54  Reaper x2  
  25  2:56  Reaper  
  25  2:57  Reaper  
  29  2:59  Barracks Tech Lab  
  29  3:13  Missile Turret  
  29  3:22  Marauder  
  29  3:26  Reaper  
  32  3:28  Reaper  
  32  3:31  Reaper  
  34  3:35  Missile Turret  
  34  3:39  Orbital Command  
  34  3:45  Reaper  
  35  3:59  Terran Infantry Weapons Level 1  
  35  4:15  Command Center  
  35  4:38  Factory  
  33  5:03  Marine  
  33  5:04  Marine x4  
  38  5:21  Marine  
  38  5:23  Factory  
  38  5:24  Starport  
  38  5:26  Marine x3  
  38  5:27  Marine  
  43  5:31  Supply Depot  
  43  5:33  Missile Turret  
  43  5:36  SCV  
  43  5:39  Marine  
  43  5:42  Factory Tech Lab  
  45  5:49  SCV  
  46  6:01  SCV  
  47  6:04  Starport Reactor  
  47  6:05  Supply Depot  
  47  6:13  SCV  
  47  6:15  Missile Turret  
  48  6:25  SCV  
  49  6:31  Factory Tech Lab  
  49  6:37  SCV  
  49  6:49  SCV  
  43  6:55  Siege Tank  
  43  6:57  Medivac  
  48  7:01  SCV  
  48  7:03  Siege Tank  
  52  7:13  SCV  
  53  7:22  Refinery  
  53  7:25  SCV  
  53  7:27  Supply Depot, Siege Tank  
  57  7:35  Starport  
  57  7:37  SCV  
  57  7:43  Marine x2  
  60  7:46  Viking  
  60  7:50  Supply Depot, SCV  
  63  7:59  Siege Tank  
  63  8:02  SCV  
  67  8:14  SCV  
  67  8:17  Refinery  
  68  8:24  Viking  
  68  8:25  Viking  
  68  8:26  SCV  
  72  8:38  SCV  
  58  8:54  Viking x2  
  58  8:55  Marine  
  63  8:56  Marine x4  
  67  9:13  Marine x2  
  69  9:24  Marine, Viking  
  69  9:25  Marine x2  
  69  9:27  Terran Infantry Armor Level 1  
  69  9:30  SCV  
  69  9:31  Marine  
  76  9:41  Medivac  
  76  9:42  SCV  
  76  9:45  Stimpack  
  79  9:52  Armory  
  79  9:54  Viking  
  79  9:56  SCV  
  79  9:58  Starport Tech Lab  
  82  10:00  Command Center  
  82  10:03  Marine  
  82  10:04  Marine x3  
  86  10:14  Supply Depot  
  86  10:35  Viking x2, Supply Depot, Siege Tank, SCV  
  94  10:41  Armory  
  94  10:56  Marine x2  
  94  10:57  Siege Tank  
  99  10:58  Supply Depot  
  99  11:00  Liberator  
  99  11:05  Medivac  
  101  11:11  Medivac  
  101  11:15  Marauder  
  101  11:16  Supply Depot  
  108  11:23  SCV  
  109  11:29  Combat Shield  
  109  11:35  Viking  
  109  11:36  Marauder, SCV  
  109  11:38  Hyperflight Rotors  
  114  11:41  Viking  
  116  11:48  SCV  
  117  11:56  Refinery, Supply Depot  
  117  12:00  SCV  
  118  12:05  Viking  
  118  12:07  Marine  
  118  12:08  Marine x4  
  124  12:12  SCV  
  125  12:20  Supply Depot  
  125  12:24  SCV  
  125  12:25  Marine  
  125  12:26  Marine x4  
  131  12:36  SCV  
  124  12:42  Supply Depot  
  124  12:43  Marine  
  94  13:23  SCV  
  95  13:32  Refinery  
  95  13:35  SCV, Thor x2  
  95  13:36  Supply Depot  
  108  13:47  SCV  
  109  13:53  Viking  
  109  13:54  Viking  
  113  13:58  Supply Depot  
  113  14:00  SCV  
  114  14:12  SCV  
  115  14:17  Thor  
  115  14:18  Thor  
  115  14:20  Supply Depot  
  115  14:23  Viking  
  129  14:26  Marine x2  
  129  14:27  Marine x3  
  134  14:44  Marine x5, Command Center  
  131  15:00  Thor  
  131  15:01  Thor  
  131  15:02  Marine x5  
  148  15:19  Marine, Viking x2  
  148  15:20  Marine x4  
  157  15:35  Medivac  
  157  15:37  Marine  
  157  15:38  Marine x4  
  164  15:46  Refinery  
  164  15:49  Refinery, Viking  
  166  15:56  Marine  
  135  16:05  Medivac  
  101  16:14  Marine x4  
  101  16:15  Marine  
  104  16:31  Marine  
  104  16:32  Marine x3  
  108  16:33  Marine  
  108  16:35  Medivac  
  110  16:42  SCV  
  111  16:49  Marine  
  111  16:50  Marine x3  
  111  16:51  Marine  
  116  16:54  SCV  
  116  17:00  Thor  
  123  17:05  Viking  
  123  17:06  SCV  
  123  17:07  Marine  
  123  17:08  Marine x3  
  130  17:09  Marine  
  131  17:18  SCV  
  132  17:25  Marine x3  
  132  17:26  Marine x2  
  137  17:30  SCV  
  138  17:40  Viking, Command Center  
  138  17:42  Viking, SCV  
  138  17:43  Marine x4  
  147  17:44  Marine  
  148  17:55  SCV  
  149  18:02  Marine  
  150  18:10  Viking  
  152  18:25  Thor x2  
  164  18:30  Armory  
  141  19:08  Thor x2  
Tags
 
Add a new tag
Caveats
  • Supply blocks, unpowered buildings, or Contaminate may cause inaccurate times.
  • Supply counts are checked every 10 seconds.